 Dungeon Crawl Stone Soup version 0.30-a0-218-gedb9141078 (webtiles) character file.

Game seed: 11595575298144804380

12173 gelatine the Magician (level 11, -27/84 HPs)
             Began as a Demonspawn Fire Elementalist on Oct 6, 2022.
             Was an Elder of Vehumet.
             Annihilated by an orc knight
             ... wielding a +0 great mace
              (37 damage)
             ... on level 11 of the Dungeon.
             The game lasted 00:47:09 (9891 turns).

gelatine the Magician (DsFE)                        Turns: 9891, Time: 00:47:09

Health: -27/84     AC: 12    Str:  8    XL:     11   Next: 59%
Magic:  0/22       EV: 15    Int: 22    God:    Vehumet [****..]
Gold:   1371       SH:  5    Dex: 15    Spells: 5/25 levels left

rFire   + . .      SeeInvis +    F - +6 long sword of Wu Jian's Favour {drain, rC+ SInv}
rCold   . . .      Faith    .    K - +0 buckler
rNeg    . . .      Spirit   +    A - +0 steam dragon scales
rPois   .          Reflect  .    p - +2 helmet
rElec   .          Harm     .    R - +1 cloak
rCorr   .          Rampage  .    (no gloves)
Will    +....                    (no boots)
Stlth   +++.......               (no amulet)
HPRegen 1.14/turn                O - ring of fire
MPRegen 0.36/turn                D - ring of willpower

@: very slightly contaminated
A: hooves 2, slimy green scales 1, magic shield, magic regeneration, magic link,
thin skeletal structure 1, regeneration 1
a: Renounce Religion


You were on level 11 of the Dungeon.
You worshipped Vehumet.
Vehumet was greatly pleased with you.
You visited 2 branches of the dungeon, and saw 12 of its levels.
You also visited: Ossuary.

You collected 1581 gold pieces.
You spent 210 gold pieces at shops.

Inventory:

Hand Weapons
 f - a +0 dagger of electrocution
 l - a +2 whip of venom
 q - a +3 dire flail of freezing
 y - a +2 hand axe of flaming
 F - the +6 long sword of Wu Jian's Favour (weapon) {drain, rC+ SInv}
   (You found it on level 7 of the Dungeon)

   A truly terrible weapon, it drains the life of any living foe it strikes.
   rC:        It protects you from cold.
   SInv:      It lets you see invisible.
Missiles
 N - a throwing net
Armour
 p - a +2 helmet (worn)
 u - a +1 leather armour of cold resistance
 A - +0 steam dragon scales (worn)
 K - a +0 buckler (worn)
 R - a +1 cloak (worn)
Jewellery
 i - a +6 ring of strength
 D - a ring of willpower (right hand)
 O - a ring of fire (left hand)
Wands
 n - a wand of flame (52)
 w - a wand of roots (15)
 G - a wand of digging (9)
 Q - a wand of charming (4)
Scrolls
 a - a scroll of immolation
 c - 2 scrolls of brand weapon
 e - 6 scrolls of teleportation
 j - 2 scrolls of magic mapping
 m - a scroll of butterflies
 x - a scroll of fear
 z - 2 scrolls of vulnerability
 E - 3 scrolls of silence
 I - 3 scrolls of identify
 J - a scroll of amnesia
 L - a scroll of noise
Potions
 b - 2 potions of magic
 d - 8 potions of curing
 g - 2 potions of resistance
 h - 4 potions of lignification
 k - a potion of invisibility
 r - 2 potions of flight
 s - 7 potions of haste
 v - 3 potions of cancellation
 B - 3 potions of might
 C - a potion of mutation
 M - a potion of ambrosia


   Skills:
 * Level 7.1 Fighting
 + Level 3.3 Long Blades
 + Level 2.7 Maces & Flails
 + Level 2.8 Armour
 * Level 6.9 Dodging
 + Level 3.5 Stealth
 * Level 3.9 Shields
 + Level 7.5 Spellcasting
 + Level 5.8 Conjurations
 + Level 1.1 Hexes
 + Level 1.3 Translocations
 + Level 7.0 Fire Magic
 + Level 1.6 Air Magic
 + Level 1.0 Earth Magic
 * Level 1.6 Poison Magic
 + Level 3.5 Evocations


You had 5 spell levels left.
You knew the following spells:

 Your Spells              Type           Power      Damage    Failure   Level
a - Foxfire               Conj/Fire      100%       2x1d9     1%          1
b - Scorch                Fire           100%       2d10      1%          2
c - Inner Flame           Hex/Fire       39%        N/A       1%          3
d - Kindle Blastsparks    Fire/Tloc/Air  68%        2d15      2%          3
e - Flame Wave            Conj/Fire      53%        2d13      1%          4
f - Sandblast             Erth           24%        2d8       1%          1
g - Momentum Strike       Conj/Tloc      48%        3d9       1%          2
h - Olgreb's Toxic Radia  Pois           15%        N/A       13%         4

Your spell library contained the following spells:

 Spells                   Type           Power      Damage    Failure   Level
 Sticky Flame             Conj/Fire      53%        2d7       1%          4
 Kiss of Death            Conj/Necr      84%        2d11      1%          1
 Apportation              Tloc           26%        N/A       6%          1
 Slow                     Hex            52%        N/A       6%          1
 Beastly Appendage        Tmut           16%        N/A       10%         1
 Ensorcelled Hibernation  Hex/Ice        20%        N/A       12%         2
 Passwall                 Tmut/Erth      8%         N/A       12%         2
 Wereblood                Tmut           8%         N/A       16%         2
 Swiftness                Air            15%        N/A       16%         3
 Confusing Touch          Hex            13%        N/A       19%         3
 Portal Projectile        Hex/Tloc       26%        N/A       19%         3
 Tukima's Dance           Hex            13%        N/A       19%         3
 Spider Form              Tmut/Pois      11%        N/A       22%         3
 Vampiric Draining        Necr           8%         2d6       30%         3
 Passage of Golubria      Tloc           13%        N/A       50%         4
 Dispel Undead            Necr           8%         3d8       69%         4
 Silence                  Hex/Air        7%         N/A       83%         5
 Alistair's Intoxication  Tmut/Pois      7%         N/A       89%         5
 Blade Hands              Tmut           4%         N/A       95%         5
 Summon Cactus Giant      Summ           4%         N/A       100%        6
 Lehudib's Crystal Spear  Conj/Erth      11%        10d4      100%        8
 Chain Lightning          Conj/Air       12%        3d16      100%        9
 Fire Storm               Conj/Fire      26%        8d7       100%        9
 Shatter                  Erth           6%         3d9*      100%        9


Dungeon Overview and Level Annotations

Branches:
Dungeon (11/15)            Temple (1/1) D:5            Lair (0/5) D:11
Ossuary (visited)
    Orc: D:9-12

Altars:
Ashenzari
Cheibriados
Dithmenos
Fedhas
Gozag
Hepliaklqana
Kikubaaqudgha
Makhleb
Nemelex Xobeh
Okawaru
Qazlal
Ru
Sif Muna
Trog
Uskayaw
Vehumet
Wu Jian
Xom
Yredelemnul

Shops:
D:2 !

Annotations:
D:5 3 runed translucent doors, Daunt's ghost, novice GnRe


Innate Abilities, Weirdness & Mutations

You have hoof-like feet.
You are partially covered in slimy green scales. (AC +2)
When hurt, damage is shared between your health and your magic reserves.
You regenerate magic rapidly.
When low on magic, you restore magic in place of health.
You have a somewhat thin skeletal structure. (Dex +2, Stealth+)
Your natural rate of healing is unusually fast.


Message History

The orc knight is lightly wounded.
The orc knight hits you but does no damage.
A cyclops comes into view.
Casting: Flame Wave (dangerous; 1% risk of failure)
Confirm with . or Enter, or press ? or * to list all spells.
You feel a surge of power!
Flames lash the cyclops but do no damage.
The orc knight hits you with a +0 great mace!!
Casting: Scorch (safe; 1% risk of failure)
Confirm with . or Enter, or press ? or * to list all spells.
Casting: Flame Wave (dangerous; 1% risk of failure)
Press: ? - help, Dir - look around, f - activate You feel a surge of power!
You miscast Flame Wave.
You are very lightly contaminated with residual magic.
Nothing appears to happen.
The orc knight misses you.
Unknown command.
Casting: Flame Wave (dangerous; 1% risk of failure)
Confirm with . or Enter, or press ? or * to list all spells.
Casting: Flame Wave (dangerous; 1% risk of failure)
Press: ? - help, Dir - look around, f - activate You feel a surge of power!
A wave of flame ripples out!
The flame wave engulfs the orc knight.
The orc knight is moderately wounded. (Press . to intensify the flame waves.)
The orc knight barely misses you.
A wave of flame ripples out!
The flame wave engulfs the orc knight!
The orc knight is heavily wounded.
The flame wave engulfs the cyclops!
The cyclops is heavily wounded.
The orc knight barely misses you.
Unknown command.
A wave of flame ripples out!
The flame wave engulfs the orc knight!
The orc knight is heavily wounded.
The flame wave engulfs the cyclops.
The cyclops is heavily wounded.
The orc knight hits you with a +0 great mace!!
* * * LOW HITPOINT WARNING * * *
Without enough magic to sustain them, the waves of flame dissipate.
The orc knight hits you with a +0 great mace!!!
You die...

####+#####..#.. ..#.....#
.........#..### #.#......
.#######.#....###.#......
#)#(#)#.#.............>.
#.....#.#..#.####.###..)
#.....))'.....# #..##...
#...)§#)#).#..# #.......
#)#)#[#.#..#..###.###.##
#.#######@#..........##..#
#.....)Co.#...........##..
#####(#########'#####.# #.
#°# #........##.# . #C#
#.#####...#.###.


oQo ### ##..#....# #*. ##.#....# #⌠## #.'....# ..# #.#....# You could see an orc
knight (strong) and a cyclops.

Vanquished Creatures
  Harold (D:10)
  A two-headed ogre (D:11)
  Nergalle (D:10)
  A skeletal warrior (D:11)
  2 orc knights (D:11)
  A manticore (D:11)
  An ugly thing (D:11)
  A cyclops (D:11)
  Maurice (D:10)
  A tengu conjurer (D:11)
  2 shadows
  14 yaks
  A vampire (D:10)
  2 wyverns
  A steam dragon (D:6)
  4 vampire mosquitoes (D:10)
  An acid dragon (D:9)
  4 water moccasins
  4 orc warriors
  2 ice beasts (D:6)
  A black bear (D:6)
  A sky beast (D:8)
  An ogre (D:6)
  5 centaurs
  2 bullfrogs
  2 kobold brigands (D:10)
  Blork the orc (D:5)
  3 necrophages
  A scorpion (D:6)
  14 wights
  4 killer bees (D:10)
  2 electric eels (D:8)
  5 centaur zombies (Ossuary)
  2 jellies
  2 hounds (D:6)
  Crazy Yiuf (D:7)
  5 orc priests
  2 iguanas
  11 orc wizards
  5 mummies (Ossuary)
  3 adders
  2 ufetubi
  3 worms
  3 dart slugs
  42 orcs
  3 ball pythons
  13 endoplasms
  4 giant cockroaches
  2 goblins
  6 hobgoblins
  4 jackals (D:4)
  4 quokkas
  9 bats
  4 frilled lizards
  5 hobgoblin zombies (Ossuary)
  19 kobolds
  7 rats
249 creatures vanquished.

Vanquished Creatures (collateral kills)
  A foxfire (D:10)
1 creature vanquished.

Vanquished Creatures (others)
  An adder (D:6)
  2 orcs (D:6)
  856 foxfires
  6 plants (D:8)
865 creatures vanquished.

Grand Total: 1115 creatures vanquished

Notes
Turn   | Place    | Note
-------+----------+-------------------------------------------
     0 | D:1      | gelatine the Demonspawn Fire Elementalist began the quest
                  | for the Orb.
     0 | D:1      | Reached XP level 1. HP: 13/13 MP: 3/3
   436 | D:1      | You fall into a shaft and drop 1 floor!
   454 | D:2      | Gained mutation: You regenerate magic rapidly. [demonic
                  | ancestry]
   454 | D:2      | Reached XP level 2. HP: 19/19 MP: 0/5
   923 | D:1      | Reached XP level 3. HP: 24/24 MP: 3/6
  1052 | D:1      | Learned a level 2 spell: Scorch
  1768 | D:1      | Gained mutation: You occasionally lose the ability to read
                  | scrolls when taking damage. [potion of mutation]
  2106 | D:2      | Gained mutation: You have large cloven feet. [demonic
                  | ancestry]
  2106 | D:2      | Reached XP level 4. HP: 31/31 MP: 2/7
  2156 | D:2      | Found Gitiab's Distillery.
  2165 | D:2      | Bought a potion of mutation for 80 gold pieces
  2165 | D:2      | Lost mutation: You occasionally lose the ability to read
                  | scrolls when taking damage. [potion of mutation]
  2165 | D:2      | Gained mutation: Your natural rate of healing is unusually
                  | fast. [potion of mutation]
  2165 | D:2      | Gained mutation: You have a somewhat thin skeletal
                  | structure. (Dex +2, Stealth+) [potion of mutation]
  3588 | D:4      | Reached skill level 1 in Fighting
  3944 | D:4      | Gained mutation: You have hoof-like feet. [demonic
                  | ancestry]
  3944 | D:4      | Reached XP level 5. HP: 37/37 MP: 4/9
  4047 | D:4      | Noticed an angel
  4195 | D:2      | Bought a potion of heal wounds for 50 gold pieces
  4195 | D:2      | Bought a potion of heal wounds for 50 gold pieces
  4195 | D:2      | Bought a potion of curing for 30 gold pieces
  4256 | D:5      | Entered Level 5 of the Dungeon
  4417 | D:5      | Noticed a water moccasin
  4432 | D:5      | Killed a water moccasin
  4433 | D:5      | Gained mutation: You are partially covered in slimy green
                  | scales. (AC +2) [demonic ancestry]
  4433 | D:5      | Reached XP level 6. HP: 27/44 MP: 0/10
  5042 | D:5      | Found a runed translucent gate.
  5042 | D:5      | Found a runed translucent gate.
  5043 | D:5      | Found a runed translucent gate.
  5050 | D:5      | Noticed Daunt's ghost (novice GnRe)
  5065 | D:5      | Noticed Blork the orc
  5076 | D:5      | Killed Blork the orc
  5264 | D:5      | Found a staircase to the Ecumenical Temple.
  5273 | Temple   | Entered the Ecumenical Temple
  5524 | Temple   | Became a worshipper of Vehumet
  5565 | D:5      | Reached skill level 1 in Armour
  5565 | D:5      | Reached XP level 7. HP: 47/50 MP: 4/12
  5833 | D:6      | Reached skill level 1 in Evocations
  5964 | D:6      | Found an opulent altar of Gozag.
  6003 | D:6      | Reached skill level 1 in Maces & Flails
  6017 | D:6      | Found a sand-covered staircase.
  6022 | Ossuary  | Entered an ossuary
  6049 | Ossuary  | Gained mutation: When hurt, damage is shared between your
                  | health and your magic reserves. [demonic ancestry]
  6049 | Ossuary  | Reached XP level 8. HP: 57/58 MP: 2/14
  6064 | Ossuary  | Reached * piety under Vehumet
  6064 | Ossuary  | Offered knowledge of Sandblast by Vehumet.
  6512 | D:6      | Reached skill level 5 in Fire Magic
  6855 | D:7      | Reached XP level 9. HP: 65/65 MP: 11/15
  6910 | D:7      | Learned a level 3 spell: Inner Flame
  6914 | D:7      | Learned a level 3 spell: Kindle Blastsparks
  6919 | D:7      | Learned a level 4 spell: Flame Wave
  6921 | D:7      | Learned a level 1 spell: Sandblast
  6950 | D:7      | Identified the +6 long sword of Wu Jian's Favour {drain,
                  | rC+ SInv}
  7189 | D:7      | Found a runed translucent door.
  7190 | D:7      | Noticed Crazy Yiuf
  7342 | D:7      | Killed Crazy Yiuf
  7391 | D:8      | Reached ** piety under Vehumet
  7391 | D:8      | Offered knowledge of Magic Dart by Vehumet.
  7397 | D:8      | Reached skill level 1 in Translocations
  7397 | D:8      | Reached skill level 1 in Air Magic
  7415 | D:8      | Reached skill level 1 in Hexes
  7491 | D:8      | Reached skill level 1 in Earth Magic
  7533 | D:8      | Reached skill level 1 in Long Blades
  7582 | D:8      | Reached skill level 5 in Spellcasting
  8177 | D:9      | Reached skill level 5 in Dodging
  8183 | D:9      | Reached skill level 5 in Fighting
  8421 | D:9      | Identified a scroll of acquirement
  8469 | D:9      | Reached XP level 10. HP: 74/74 MP: 12/18
  8543 | D:9      | Acquired 930 gold pieces
  8841 | D:10     | Entered Level 10 of the Dungeon
  8942 | D:10     | Noticed Harold
  8976 | D:10     | Offered knowledge of Momentum Strike by Vehumet.
  8981 | D:10     | Learned a level 2 spell: Momentum Strike
  8990 | D:10     | Killed Harold
  8991 | D:10     | Reached skill level 1 in Shields
  9198 | D:10     | Noticed Nergalle
  9216 | D:10     | Killed Nergalle
  9281 | D:10     | Reached *** piety under Vehumet
  9334 | D:10     | Reached skill level 5 in Conjurations
  9447 | D:10     | Found a blossoming altar of Fedhas.
  9482 | D:10     | Offered knowledge of Olgreb's Toxic Radiance by Vehumet.
  9488 | D:10     | Gained mutation: When low on magic, you restore magic in
                  | place of health. [demonic ancestry]
  9488 | D:10     | Reached XP level 11. HP: 74/81 MP: 4/21
  9537 | D:10     | Noticed Maurice
  9546 | D:10     | Killed Maurice
  9658 | D:11     | Noticed a two-headed ogre
  9668 | D:11     | Killed a two-headed ogre
  9681 | D:11     | Learned a level 4 spell: Olgreb's Toxic Radiance
  9727 | D:11     | Found a staircase to the Lair.
  9783 | D:11     | Noticed an orc knight
  9796 | D:11     | Killed an orc knight
  9848 | D:11     | Noticed a purple ugly thing
  9853 | D:11     | Noticed a skeletal warrior
  9859 | D:11     | Killed a purple ugly thing
  9859 | D:11     | Reached **** piety under Vehumet
  9859 | D:11     | Noticed an orc knight
  9860 | D:11     | Noticed an orc knight
  9872 | D:11     | Killed a skeletal warrior
  9873 | D:11     | Reached skill level 1 in Poison Magic
  9883 | D:11     | Killed an orc knight
  9883 | D:11     | Offered knowledge of Sticky Flame by Vehumet.
  9891 | D:11     | Annihilated by an orc knight

Illustrated notes

Levels and vault maps discovered:
D:1:      dpeg_arrival_brainrot, layout_loops_ring
D:2:      layout_rooms, serial_shops, shop, chequers_serial_rivers_large_b,
          minmay_tall_x
D:3:      layout_basic
D:4:      layout_cave_pools, zin_angel, minivault_1
D:5:      layout_loops_corners, minmay_temple_entry_poolview,
          gammafunk_ghost_necromancy, uniq_blork_the_orc
D:6:      layout_rooms, mainiacjoe_overflow_alcove_4, enter_ossuary_2,
          grunt_potential
D:7:      layout_basic, uniq_crazy_yiuf_cottage
D:8:      layout_loops_ring, nicolae_elyvilon_temple_path,
          chequers_serial_rivers_room_a
D:9:      layout_loops_cross, nicolae_kite_square_tiling_tiny
D:10:     layout_roguey, lemuel_crystal_altar, grunt_decor_mini_mirrors,
          serial_bayou_pond_e, uniq_nergalle, uniq_harold, uniq_maurice
D:11:     minmay_the_grid_net [minmay_the_grid_aliased_spiral,
          minmay_the_grid_pillar_ring, minmay_the_grid_minigrid_medium,
          minmay_the_grid_empty, minmay_the_grid_armoury,
          minmay_the_grid_prize_trominoes], layout_rooms,
          hellmonk_guarded_unrand_night
Temple:   mainiacjoe_temple_bowtie_tessellation

Skill      XL: |  1  2  3  4  5  6  7  8  9 10 11 |
---------------+----------------------------------+-----
Fire Magic     | 3 4 5 6 7 |  7.0
Dodging        | 2 3 4 5 6 |  6.9
Stealth        | 2 3 |  3.5
Fighting       | 1 2 3 4 5 6 7 |  7.1
Conjurations   | 2 3 4 5 |  5.8
Spellcasting   | 3 4 5 6 7 |  7.5
Armour         | 1 2 |  2.8
Evocations     | 1 3 |  3.5
Maces & Flails | 1 2 |  2.7
Translocations | 1 |  1.3
Air Magic      | 1 |  1.6
Hexes          | 1 |  1.1
Earth Magic    | 1 |  1.0
Long Blades    | 1 3 |  3.3
Shields        | 2 3 |  3.9
Poison Magic   | 1 |  1.6

Action                   |  1- 3 |  4- 6 |  7- 9 | 10-12 || total
-------------------------+-------+-------+-------+-------++-------
Melee: Dagger            |    15 |       |       |       ||    15
       Whip              |       |    17 |       |       ||    17
       Hand axe          |       |     6 |       |       ||     6
       Kick              |       |     1 |    39 |    19 ||    59
       Dire flail        |       |       |    78 |       ||    78
       Long sword        |       |       |    31 |    63 ||    94
 Cast: Foxfire           |   122 |   144 |   160 |   118 ||   544
       Scorch            |     3 |    15 |    31 |    45 ||    94
       Flame Wave        |       |       |     2 |    12 ||    14
       Momentum Strike   |       |       |       |     1 ||     1
Evoke: Wand              |       |       |       |     4 ||     4
  Use: Potion            |     4 |     2 |     3 |     2 ||    11
       Scroll            |     3 |     9 |    12 |     4 ||    28
 Stab: Distracted        |       |       |     1 |       ||     1
Armor: Robe              |     4 |       |       |       ||     4
       Leather armour    |       |    19 |    72 |       ||    91
       Steam dragon scal |       |       |    19 |    30 ||    49
Dodge: Dodged            |    17 |    12 |   152 |    73 ||   254
Block: Buckler           |       |       |       |    22 ||    22

Table legend: (Time is in decaauts)
 A = Elapsed time spent in this place.
 B = Non-inter-level travel time spent in this place.
 C = Inter-level travel time spent in this place.
 D = Time resting spent in this place.
 E = Time spent auto-exploring this place.
 F = Levels seen in this place.
 G = Mean time per level.
                   A        B        C        D        E       F      G
               +--------+--------+--------+--------+--------+-----+--------+
         Total |   9963 |   9360 |    603 |    295 |   7046 |  13 |  766.4 |
       Dungeon |   9569 |   9021 |    548 |    295 |   6808 |  11 |  869.9 |
        Temple |    260 |    205 |     55 |      0 |    191 |   1 |  260.0 |
       Ossuary |    133 |    133 |      0 |      0 |     47 |   1 |  133.0 |
               +--------+--------+--------+--------+--------+-----+--------+

Top non-repeatable levels by time:
     D:1: 1664 daAuts
     D:5: 1258 daAuts
     D:3: 1029 daAuts
     D:2: 991 daAuts
    D:10: 819 daAuts
     D:6: 816 daAuts
     D:8: 753 daAuts
     D:9: 708 daAuts
     D:7: 682 daAuts
     D:4: 595 daAuts
  Temple: 260 daAuts
    D:11: 249 daAuts
 Ossuary: 133 daAuts
